Map: Vado EE

Players

Rarputin - Winner!

  • Race: Protoss Protoss
  • League: Gold
  • Spawn Location: 11:00

Furiavento

  • Race: Terran Terran
  • Spawn Location: 5:00

VOD

Have the link to the VOD?

Description

Time

  • Played on: May 1, 2018, 1:34 p.m.
  • Length: 12:09
Show
View Real Time Build Order
Export as new Build Order

Rarputin Protoss - Winner!

Build Orders: 1 Gate Expand 

Get SALT Encoding   

  1  0:00  Probe  
  12  0:05  Probe  
  14  0:15  Probe  
  15  0:25  Pylon  
  15  0:43  Probe  
  15  0:49  Gateway  
  16  0:55  Probe  
  17  1:04  Probe  
  18  1:12  Probe  
  19  1:19  Nexus  
  19  1:22  Probe  
  20  1:37  Cybernetics Core  
  20  1:39  Probe  
  21  1:50  Assimilator  
  21  1:51  Probe  
  22  1:54  Assimilator  
  22  2:03  Probe  
  22  2:04  Pylon  
  23  2:28  Nexus  
  23  2:36  Shield Battery  
  23  2:38  Adept, Shield Battery, Probe  
  23  2:40  Probe  
  27  2:46  Warp Gate, Probe  
  28  2:53  Probe  
  28  2:57  Probe  
  29  3:05  Probe  
  31  3:06  Adept  
  31  3:11  Probe  
  33  3:12  Pylon  
  33  3:18  Probe  
  35  3:20  Probe  
  36  3:28  Probe  
  36  3:30  Probe  
  38  3:38  Probe  
  38  3:39  Adept  
  38  3:40  Probe  
  42  3:42  Probe  
  42  3:47  Probe  
  43  3:52  Probe  
  43  3:55  Probe  
  45  4:01  Robotics Facility  
  46  4:02  Robotics Facility  
  46  4:05  Robotics Facility  
  46  4:06  Probe  
  47  4:11  Pylon  
  47  4:13  Probe  
  47  4:14  Probe  
  49  4:17  Probe  
  49  4:18  Adept  
  52  4:25  Probe  
  52  4:26  Probe x2  
  55  4:34  Probe  
  56  4:44  Gateway  
  56  4:45  Gateway, Probe  
  56  4:46  Gateway  
  56  4:47  Gateway  
  56  4:52  Gateway  
  57  5:06  Pylon  
  57  5:08  Observer, Immortal x2  
  57  5:09  Probe  
  57  5:10  Probe x2  
  69  5:15  Assimilator  
  69  5:21  Assimilator, Probe  
  69  5:22  Probe  
  71  5:34  Gateway  
  71  5:37  Gateway x2  
  71  5:41  Gateway  
  71  5:42  Gateway  
  71  5:43  Probe  
  71  5:47  Pylon  
  71  5:49  Pylon  
  72  6:08  Forge  
  72  6:14  Twilight Council  
  72  6:23  Forge  
  72  6:29  Twilight Council  
  72  6:32  Probe  
  73  6:33  Probe x2  
  75  6:44  Probe  
  75  6:46  Robotics Bay  
  80  6:47  Immortal x3  
  88  6:57  Probe  
  88  6:58  Probe x2  
  91  7:09  Probe  
  91  7:11  Nexus  
  91  7:13  Pylon  
  91  7:14  Pylon  
  91  7:15  Protoss Ground Weapons Level 1  
  92  7:16  Assimilator, Protoss Ground Armor Level 1  
  92  7:21  Probe x2  
  92  7:22  Probe  
  95  7:23  Zealot x2, Assimilator, Nexus  
  95  7:24  Pylon, Zealot  
  95  7:27  Pylon  
  101  7:33  Probe  
  101  7:34  Probe x2  
  101  7:36  Extended Thermal Lance  
  104  7:42  Pylon  
  104  7:46  Probe  
  105  7:52  Assimilator  
  105  7:54  Charge  
  105  7:56  Assimilator  
  105  8:11  Zealot x5  
  105  8:12  Zealot x2  
  117  8:13  Zealot x3  
  125  8:26  Probe x2  
  128  8:27  Probe x2  
  129  8:38  Probe  
  130  8:45  Gateway  
  130  8:46  Probe x3  
  130  8:48  Gateway  
  123  9:05  Zealot x5  
  123  9:06  Zealot x5  
  143  9:12  Protoss Ground Weapons Level 2  
  143  9:13  Protoss Ground Armor Level 2  
  143  9:20  Pylon  
  143  9:25  Pylon  
  143  9:27  Resonating Glaives  
  143  9:36  Robotics Facility  
  143  9:42  Robotics Facility  
  143  9:47  Immortal  
  143  9:50  Colossus  
  143  9:51  Colossus  
  143  9:52  Probe x2  
  161  9:53  Probe x3  
  164  10:04  Probe x2  
  164  10:05  Probe x3  
  169  10:16  Probe  
  170  10:27  Zealot x3  
  170  10:28  Zealot x5  
  186  10:52  Pylon  
  186  10:54  Pylon  
  186  10:56  Pylon  
  186  11:10  Colossus  
  192  11:12  Colossus  
  198  11:30  Pylon  
  198  11:31  Pylon  
  198  11:32  Pylon  
  198  11:34  Pylon  
  198  11:39  Zealot  
  198  12:06  Zealot  
Show
View Real Time Build Order
Export as new Build Order

Furiavento Terran 

Build Orders: MMM Bio 

Get SALT Encoding   

  12  0:06  SCV  
  13  0:19  SCV  
  14  0:23  Supply Depot  
  14  0:32  SCV  
  15  0:45  SCV  
  15  0:49  Barracks  
  16  0:57  SCV  
  17  1:19  SCV  
  17  1:22  Refinery  
  18  1:31  SCV  
  19  1:40  Supply Depot  
  19  1:43  SCV  
  20  2:01  Orbital Command  
  20  2:19  Barracks Reactor  
  20  2:28  Refinery  
  20  2:57  Command Center  
  20  3:09  SCV  
  20  3:12  Marine x2  
  23  3:21  SCV  
  24  3:29  Marine x2  
  24  3:34  SCV  
  27  3:46  SCV  
  27  3:47  Marine x2  
  30  3:48  Barracks  
  30  3:58  SCV  
  31  4:08  Marine x2  
  33  4:24  Orbital Command  
  33  4:31  Marine x2  
  33  4:37  Barracks Tech Lab, Supply Depot  
  35  4:49  Marine x2  
  37  5:07  Marine x2  
  37  5:12  Factory  
  39  5:25  Marine x2  
  39  5:27  SCV  
  42  5:35  Combat Shields  
  42  5:39  SCV  
  42  5:42  Marine x2  
  45  5:51  SCV  
  46  6:00  Marine x2  
  46  6:01  Factory Reactor, Starport  
  46  6:03  SCV  
  49  6:15  SCV  
  49  6:18  Marine x2, Refinery  
  52  6:28  SCV  
  53  6:36  Marine x2  
  55  6:40  SCV  
  56  6:52  SCV  
  56  6:54  Marine x2, Stimpack  
  57  6:56  Medivac  
  61  7:02  Supply Depot  
  61  7:04  SCV  
  62  7:23  Marine x2, SCV, Medivac  
  62  7:26  Supply Depot, Medivac  
  69  7:40  Command Center  
  69  7:41  Marine  
  70  7:48  Marine  
  71  7:53  Medivac  
  71  7:56  Medivac  
  75  8:23  Medivac  
  75  8:24  Engineering Bay  
  75  8:26  Medivac  
  79  8:30  Marine  
  79  8:31  Marine  
  79  8:32  Marine  
  82  8:48  Marine  
  83  8:49  Marine x2  
  83  8:50  Engineering Bay  
  83  8:53  Medivac  
  78  8:56  Medivac  
  63  9:05  Marine  
  63  9:07  Marine x2  
  66  9:15  Concussive Shells  
  66  9:18  Terran Infantry Weapons Level 1  
  66  9:20  Terran Infantry Armor Level 1  
  66  9:23  Marine  
  67  9:25  Marine x2  
  67  9:30  Orbital Command  
  69  9:41  Marine, Factory  
  69  9:43  Marine x2, Factory Tech Lab  
  72  9:59  Marine  
  73  10:00  Marine  
  73  10:01  Marine  
  75  10:17  Marine  
  75  10:18  Marine x2  
  78  10:34  Marine  
  79  10:36  Marine x2  
  81  10:52  Marine  
  81  10:54  Marine x2  
  84  11:10  Marine  
  85  11:12  Marine x2  
  87  11:28  Marine  
  87  11:29  Marine  
  87  11:30  Marine  
  90  11:33  Armory  
  90  11:46  Marine  
  91  11:47  Marine x2  
Tags
 
Composition
MMM Bio
League
Gold
Matchup
PvT
Replay Pack
First Ones
Spawn Locations
Cross Positions
Add a new tag
Caveats
  • Supply blocks, unpowered buildings, or Contaminate may cause inaccurate times.
  • Supply counts are checked every 10 seconds.